 Dungeon Crawl Stone Soup version 0.21-a0-450-gd87a9b2 (webtiles) character file.

74 mortelune the Skirmisher (level 4, 0/30 HPs)
             Began as a Gargoyle Fighter on Nov 18, 2017.
             Slain by an orc priest
             ... wielding a +0 hand axe
              (3 damage)
             ... on level 3 of the Dungeon.
             The game lasted 00:04:47 (2061 turns).

mortelune the Skirmisher (Gargoyle Fighter)         Turns: 2061, Time: 00:04:48

Health: 0/30       AC: 10    Str: 20    XL:     4   Next: 30%
Magic:  4/4        EV:  7    Int:  9    God:
Gold:   160        SH:  9    Dex:  9    Spells: 3/3 levels left

rFire    . . .     SeeInvis .   a - +0 flail
rCold    . . .     Gourm    .   c - +0 shield
rNeg     + . .     Faith    .   b - +0 scale mail
rPois    ∞         Spirit   .   (no helmet)
rElec    +         Reflect  .   (no cloak)
rCorr    .         Harm     .   (no gloves)
MR       .....                  (no boots)
Stlth    ..........             (no amulet)
HPRegen  0.10/turn              (no ring)
MPRegen  0.09/turn              (no ring)

@: no status effects
A: negative energy resistance 1, electricity resistance, unbreathing,
petrification resistance, rot immunity, AC +3
a: no special abilities


You were on level 3 of the Dungeon.
You were not hungry.

You visited 1 branch of the dungeon, and saw 3 of its levels.

You collected 160 gold pieces.

Inventory:

Hand Weapons
 a - a +0 flail (weapon)
 e - a +0 hunting sling
Missiles
 i - 68 stones (quivered)
Armour
 b - a +0 scale mail (worn)
 c - a +0 shield (worn)
 o - a +0 plate armour
Scrolls
 h - 3 scrolls of remove curse
 j - a scroll of noise {unknown}
 n - a scroll of teleportation {unknown}
Potions
 d - a potion of might
 k - a potion of resistance {unknown}
 m - a potion of heal wounds {unknown}
 p - a potion of flight {unknown}
 q - 2 potions of curing
 s - 2 potions of invisibility
Comestibles
 f - a bread ration
 g - 4 fruits


   Skills:
 + Level 4.5 Fighting
 + Level 3.4 Maces & Flails
 - Level 3.2 Armour
 - Level 3.2 Shields


You had 3 spell levels left.
You didn't know any spells.

Dungeon Overview and Level Annotations

Branches:
Dungeon (3/15)

Altars:
Ashenzari
Nemelex Xobeh


Innate Abilities, Weirdness & Mutations

You are resistant to torment.
Your stone body is resilient. (AC +3)
You are immune to poison.
You resist negative energy. (rN+)
You are resistant to electric shocks. (rElec)
You can survive without breathing.
You are immune to petrification.
You are immune to rotting.


Message History

The orc barely misses you.
You sock the orc!
You kill the orc!
The orc priest calls down the wrath of Beogh upon you.
Pain shoots through your body! You block the orc priest's attack.
You see here a morningstar.
The orc priest mumbles some strange prayers to Beogh against you.
Beogh smites you!
* * * LOW HITPOINT WARNING * * *
You barely miss the orc priest.
The orc priest hits you but does no damage.
You barely miss the orc priest.
The orc priest hits you with a hand axe.
* * * LOW HITPOINT WARNING * * *
The orc priest hits you but does no damage.
You hit the orc priest.
The orc priest is lightly wounded.
The orc priest hits you with a hand axe.
You die...

#......##......##.#.#
#.####.##.####.##.#.#
#.# #.##.####.##.#o#
..# #.##..)......#.#
### #.#######.####.#
#......##.####o#
######.##...##.#
#.....###o##.#
#.###...)@##.# #
#.######.# #.# #.. #
... #... # .... +...o
# . . ....#. #.....
#.... ###### #...o$.
..... #.....## .....


You could see an orc priest.

Vanquished Creatures
  2 adders (D:2)
  An ooze (D:2)
  2 worms
  2 dart slugs
  3 leopard geckos
  An orc (D:3)
  2 ball pythons (D:2)
  4 giant cockroaches
  4 hobgoblins
  3 jackals (D:2)
  3 bats
  A frilled lizard (D:3)
  4 goblins
  A kobold (D:1)
  4 rats
37 creatures vanquished.

Notes
Turn   | Place    | Note
-------+----------+-------------------------------------------
     0 | D:1      | mortelune the Gargoyle Fighter began the quest for the Orb.
     0 | D:1      | Reached XP level 1. HP: 14/14 MP: 1/1
   217 | D:1      | Reached XP level 2. HP: 19/19 MP: 2/2
   883 | D:2      | Found a shattered altar of Ashenzari.
   888 | D:2      | Saw a vision of the Shoals and the Spider Nest.
   888 | D:2      | Noticed a merfolk
   888 | D:2      | Noticed a merfolk
   888 | D:2      | Noticed a merfolk
   888 | D:2      | Noticed a merfolk
   888 | D:2      | Noticed a redback
   888 | D:2      | Noticed a scorpion
   888 | D:2      | Noticed a redback
   888 | D:2      | Noticed a redback
   889 | D:2      | Noticed a merfolk
   889 | D:2      | Noticed a sea snake
   939 | D:2      | Found a sparkling altar of Nemelex Xobeh.
  1021 | D:2      | Reached skill level 4 in Fighting
  1021 | D:2      | Reached XP level 3. HP: 24/24 MP: 3/3
  1856 | D:2      | Reached XP level 4. HP: 30/30 MP: 4/4
  2061 | D:3      | Slain by an orc priest

Vault maps used:
D:1:      enne_arrival_octagon_isle
D:2:      lemuel_round_altar, grunt_ashenzari_visionary
D:3:      overflow_temple_1_default, fiery_altar_vehumet, first_bread,
          minmay_surrounded

Skill      XL: |  1  2  3 |
---------------+----------+-----
Fighting       | 4 |  4.5
Maces & Flails | 3 |  3.4
Armour         | |  3.2
Shields        | |  3.2

Action                   |  1- 3 |  4- 6 || total
-------------------------+-------+-------++-------
Melee: Flail             |   126 |    45 ||   171
  Use: Scroll            |     1 |     2 ||     3
  Eat: Meat ration       |     1 |       ||     1
       Chunk             |     1 |       ||     1
Armor: Scale mail        |    89 |    25 ||   114
Dodge: Dodged            |    47 |    12 ||    59
Block: Shield            |    90 |    17 ||   107

Table legend:
 A = Spawn XP
 B = Non-spawn XP
 C = Spawn XP percentage of total XP
 D = Spawn monster count
 E = Non-spawn monster count
 F = Spawn count percentage of total count
 G = Total turns spent on level
                    A         B        C        D         E        F      G
               +---------+---------+-------+---------+---------+-------+---------
         Total |       0 |     107 |   0.0 |       0 |      37 |   0.0 |  2061
               +---------+---------+-------+---------+---------+-------+---------
           D:1 |       0 |      23 |   0.0 |       0 |      13 |   0.0 |   820
           D:2 |       0 |      68 |   0.0 |       0 |      18 |   0.0 |  1043
           D:3 |       0 |      16 |   0.0 |       0 |       6 |   0.0 |   198
               +---------+---------+-------+---------+---------+-------+---------
